 Dungeon Crawl Stone Soup version 0.18.1-8-gdd0e5ea (webtiles) character file.

177 nikopol the Chopper (level 5, 0/47 HPs)
             Began as a Hill Orc Berserker on May 29, 2016.
             Was a Priest of Trog.
             Succumbed to a worker ant's poison
             ... on level 4 of the Dungeon.
             The game lasted 00:05:54 (2135 turns).

nikopol the Chopper (Hill Orc Berserker)            Turns: 2135, Time: 00:05:54

Health: 0/47       AC:  6    Str: 20    XL:     5   Next: 57%
Magic:  2/5        EV: 10    Int:  7    God:    Trog [***...]
Gold:   80         SH:  0    Dex: 11    Spells: 0 memorised, 4 levels left

rFire  . . .     SeeInvis .     a - +0 hand axe
rCold  . . .     Gourm    .     j - +0 scale mail (curse)
rNeg   . . .     Faith    .     (no shield)
rPois  .         Spirit   +     (no helmet)
rElec  .         Dismiss  .     (no cloak)
rCorr  .         Reflect  .     (no gloves)
SustAt .         Harm     .     (no boots)
MR     .....                    i - amulet of guardian spirit
Stlth  ..........               (no ring)
                                (no ring)

@: lethally poisoned (0 -> -19), not resistant to hostile enchantments,
extremely unstealthy
A: no striking features
a: Berserk, Trog's Hand, Burn Spellbooks, Renounce Religion


You were on level 4 of the Dungeon.
You worshipped Trog.
Trog was most pleased with you.
You were not hungry.

You visited 1 branch of the dungeon, and saw 4 of its levels.

You collected 80 gold pieces.

Inventory:

Hand Weapons
 a - a +0 hand axe (weapon)
Armour
 b - a +0 animal skin
 d - a +0 leather armour
 j - a cursed +0 scale mail (worn)
Jewellery
 i - an amulet of guardian spirit (around neck)
Scrolls
 e - 2 scrolls of identify
 n - a scroll of enchant armour {unknown}
 r - a scroll of teleportation {unknown}
Potions
 g - a potion of cure mutation
 m - a potion of curing {unknown}
 p - a potion of heal wounds {unknown}
 q - a potion of haste {unknown}
 s - a potion of lignification {unknown}
 u - a potion of magic {unknown}
 v - a potion of degeneration {unknown}
Comestibles
 c - 4 bread rations
 f - 2 meat rations
 o - 2 fruits
 w - a slice of pizza


   Skills:
 + Level 4.7 Fighting
 * Level 5.9 Axes
 + Level 3.1 Armour
 + Level 2.4 Dodging


You had 4 spell levels left.
You didn't know any spells.

Dungeon Overview and Level Annotations

Branches:
Dungeon (4/15)             Temple (0/1) D:4

Altars:
Ashenzari
Fedhas
Makhleb
Qazlal
Sif Muna
Trog
The Shining One


Message History

You are more poisoned.
The worker ant poisons you!
You hit the worker ant.
The worker ant is heavily wounded.
* * * LOW HITPOINT WARNING * * *
You feel sick. The worker ant bites you.
* * * LOW HITPOINT WARNING * * *
The worker ant bites you but does no damage.
A worker ant comes into view.
You hit the worker ant.
The worker ant is severely wounded.
* * * LOW HITPOINT WARNING * * *
You feel sick. The worker ant bites you.
* * * LOW HITPOINT WARNING * * *
A giant newt comes into view.
You hit the worker ant.
You kill the worker ant!
Trog accepts your kill.
You hit the worker ant but do no damage.
You die...

******,,,,,,,*,,#..,,,***>,,,*
*,,,,,,,,,,,,,>#.#**,,,,***,*
*,***,,,,,*,*,,#.# *,*,** *,*
**,* **,,,,,**,*#.# *,*,* *,*
,,,* *,,,,,**,*#<# *,*,****,*
**,* **,**,**,##.###.#,,,,*,*
*,* *,**,**,#......#***,*,*
**,* *,**,**,#.a######**,*,*
,,,* *,**,**,#@<.....l.,,,,*
,,,* *,**,**,#†########*,***
*,,*****,**,,,,...,,,,,,,,,*
*,,,,,,,,,,,,,.#.##*********
**,,,,,,,,,,,....#
,,,,,,,,,***##*### **********


You could see a worker ant and a giant newt.

Vanquished Creatures
  An orc priest (D:3)
  A worker ant (D:4)
  3 adders
  2 worms (D:3)
  2 dart slugs (D:1)
  2 giant geckos (D:1)
  7 orcs (D:3)
  3 ball pythons
  6 bats
  4 giant cockroaches
  8 goblins
  10 hobgoblins
  6 jackals
  2 quokkas (D:2)
  3 giant newts
  5 kobolds
  11 rats
76 creatures vanquished.

Notes
Turn   | Place    | Note
--------------------------------------------------------------
     0 | D:1      | nikopol the Hill Orc Berserker began the quest for the Orb.
     0 | D:1      | Reached XP level 1. HP: 19/19 MP: 1/1
   362 | D:1      | Reached XP level 2. HP: 27/27 MP: 2/2
   418 | D:1      | Reached ** piety under Trog
   445 | D:1      | Reached XP level 3. HP: 19/33 MP: 3/3
   996 | D:2      | Reached XP level 4. HP: 27/40 MP: 4/4
  1134 | D:2      | Reached skill level 5 in Axes
  1274 | D:2      | Found a stormy altar of Qazlal.
  1437 | D:3      | Reached *** piety under Trog
  1606 | D:3      | Reached XP level 5. HP: 24/47 MP: 2/5
  1962 | D:3      | Found a bloodstained altar of Trog.
  1962 | D:3      | Found a deep blue altar of Sif Muna.
  1962 | D:3      | Found a shattered altar of Ashenzari.
  1962 | D:3      | Found a glowing golden altar of the Shining One.
  1969 | D:3      | Found a burning altar of Makhleb.
  1971 | D:3      | Found a blossoming altar of Fedhas.
  2134 | D:4      | HP: 2/47 [poisoned by a worker ant]
  2135 | D:4      | Succumbed to a worker ant's poison

Skill      XL: |  1  2  3  4 |
---------------+-------------+-----
Fighting       | 4 |  4.7
Dodging        | 2 |  2.4
Axes           | 5 |  5.9
Armour         | 3 |  3.1

Action                   |  1- 3 |  4- 6 || total
-------------------------+-------+-------++-------
Melee: Hand axe          |   105 |   150 ||   255
Invok: Berserk           |     1 |       ||     1
  Use: Scroll            |       |     4 ||     4
  Eat: Chunk             |     1 |     4 ||     5
Armor: Leather armour    |     3 |       ||     3
       Animal skin       |     1 |       ||     1
       Scale mail        |    40 |    66 ||   106
Dodge: Dodged            |    72 |    82 ||   154
